← All builds
Suicide front / Armada / Factory first / OBSERVED BUILD

Gauntlet defence

Bot Lab first but committing to a Gauntlet by 4:10, much earlier than usual, to anchor the middle with area artillery before the standard timing.

#artillery #defence · 101 distinct matches · 37 players · 5% of Armada Suicide front games · team won 47% of 106 · Recently observed

THE CATCH, AND WHAT COMES WITH IT
  • GauntletEarly defence from 4:10 · 8% of role by thenOnly 8% of Suicide front games have it by then; others who build it get it around 9:13

Where those units first fight, in 101 games with kill data: in the middle 100%.

Those units destroy a typical 1,274 metal of enemy units by 15:00.

Then transitions into rocketeer (17% of army), Rattlesnake (11% of army).

HOW TO PLAY IT

Key timing: Gauntlet by 4:08

  1. Open Bot Lab then grab mexes and wind, get sentries out for early raid.
  2. Keep making sentries and hold middle, denying leaks with cheap bots.
  3. Commit to a Gauntlet to anchor the line with area artillery.
  4. Mix in Rocketeer and Rattlesnake to hold middle rather than push in.
  5. Transition to T2 constructor once the line is stable.

Phase by phase

TYPICAL OF ITS 101 GAMES · AGAINST STANDARD SUICIDE FRONT
  1. 1
  2. 2
  3. 3
PLAY THE OPENING

Follow the example game's first 6:00 step by step: what to build now, what comes next, and where it goes. At 1× it keeps pace with your own game.

  1. 1

    Bot Lab first

    Order
    1. Bot LabBot Lab done ~0:20, middle half 0:20–0:33

    Some games also: mex (42%)

  2. 2

    Bot Lab to Early defence

    Economy
    • Metal Extractor5Mex
    • Wind Turbine4Wind
    Order
    1. GauntletEarly defence after 5 mex, 4 winddone ~5:29, middle half 4:42–5:56
    Builders
    • Construction Bot3 Con bot
    • Lazarus2 Lazarus
    Army
    • Sentry3 Sentry
    • Beamer1 Beamer
    • Rocketeer9 Rocketeer −4 vs standard
    • Tick1 Tick
    • Centurion1 Centurion
    Other
    • Radar Tower1 Radar Tower

    Some games also: con turret (35%) · Dragon's Teeth (34%)

    By 4:09 in all: 5 mex · 4 wind

    The example game in this phase · 28 steps
    1. TickTick
    2. Construction BotCon bot
    3. Wind
    4. LazarusLazarus
    5. PawnPawn ×2
    6. Mex
    7. Construction BotCon bot
    8. LazarusLazarus
    9. PawnPawn ×5
    10. Radar TowerRadar Tower
    11. PawnPawn
    12. RocketeerRocketeer
    13. CenturionCenturion
    14. Construction BotCon bot
    15. Mex
    16. Construction BotCon bot
    17. SentrySentry
    18. RocketeerRocketeer ×2
    19. BeamerBeamer
    20. RocketeerRocketeer ×4
    21. LazarusLazarus
    22. Con turret
    23. RocketeerRocketeer ×4
    24. BeholderBeholder
    25. RocketeerRocketeer
    26. BeholderBeholder
    27. RocketeerRocketeer ×4
    28. GauntletGauntletdone 6:02 · typical 5:29
  3. 3

    Early defence to 10:00

    Economy
    • Metal Extractor1Mex
    • Wind Turbine16Wind
    • Energy Storage1Energy storage
    Builders
    • Construction Turret3 Con turret
    • Lazarus1 Lazarus
    Army
    • Rocketeer3 Rocketeer −10 vs standard
    Other
    • Dragon's Teeth5 Dragon's Teeth +5 vs standard
    • Radar Tower1 Radar Tower

    Some games also: Sentry (50%) · Beamer (49%) · con bot (48%) · tick (41%) · Gauntlet (41%)

    The standard build makes here, this one skips: 2 con bot · 2 Sentry

    By 10:00 in all: 6 mex · 23 wind · 1 energy storage · 4 con turret

    The example game in this phase · 97 steps
    1. Energy storage
    2. Con turret
    3. RocketeerRocketeer
    4. Energy storage
    5. LazarusLazarus
    6. RocketeerRocketeer ×2
    7. Wind
    8. RocketeerRocketeer
    9. Wind ×2
    10. Construction BotCon bot
    11. Wind
    12. Sneaky PeteSneaky Pete
    13. Wind
    14. Dragon's TeethDragon's Teeth ×4
    15. Wind
    16. Dragon's TeethDragon's Teeth
    17. Construction BotCon bot
    18. Wind ×2
    19. Construction BotCon bot
    20. GauntletGauntlet
    21. Wind
    22. Converter
    23. Wind
    24. Converter
    25. Wind ×2
    26. Converter
    27. Wind
    28. Converter
    29. Wind
    30. Advanced Bot LabAdvanced Bot Labdone 9:02
    31. Converter
    32. Wind ×2
    33. Converter
    34. Wind
    35. Converter
    36. Wind ×2
    37. Converter
    38. Wind
    39. Converter
    40. Wind ×2
    41. Converter
    42. Wind
    43. Converter
    44. SharpshooterSniper botdone 9:42
    45. Advanced Construction BotT2 con bot
    46. Wind ×5
    47. Con turret
    48. Wind
    49. Fusion ReactorFusiondone 13:11
    50. Wind
    51. Advanced Metal ExtractorT2 mexdone 11:24
    52. Wind
    53. Con turret
    54. SentrySentry
    55. Wind ×3
    56. Advanced Metal ExtractorT2 mexdone 12:23 · typical 9:41
    57. Metal storage
    58. Wind ×2
    59. Advanced Metal ExtractorT2 mex
    60. Wind
    61. Advanced Metal ExtractorT2 mex
    62. Bot LabBot Labdone 11:54
    63. Wind ×3
    64. TickTick ×3
    65. Wind
    66. TickTick
    67. Wind
    68. TickTick ×2
    69. Radar TowerRadar Tower
    70. Wind ×2
    71. TickTick
    72. ScorpionScorpion
    73. TickTick
    74. Wind
    75. TickTick
    76. Wind
    77. TickTick ×2
    78. Sneaky PeteSneaky Pete
    79. TickTick
    80. Wind
    81. TickTick ×3
    82. Wind
    83. TickTick ×6
    84. Wind
    85. TickTick ×5
    86. Wind
    87. TickTick ×3
    88. Wind ×4
    89. PersecutorPersecutordone 14:24
    90. Wind
    91. BeamerBeamer
    92. Wind
    93. Radar TowerRadar Tower
    94. Wind ×2
    95. SentrySentry
    96. Wind
    97. SentrySentry

Counts are medians over the build's games: half of them build more, half fewer. The example game is Pater05's (42 OS, 15/09/2026); pick another.

Team trades

IN AT LEAST 30% OF ITS GAMES

You hand over

Nothing regular.

You get

  • Tidal Generator4 Tidal from Pondfirst at 0:11 · in 73% of games
  • Advanced Construction Bot1 T2 con bot from Geo or Techfirst at 7:47 · in 68% of games

How it plays out

Typical game of this build against the role’s standard build, running totals by minute

  • This build
  • Standard suicide front

Metal produced

010k20k30k
0:005:0010:0015:00

metal

Enemy metal destroyed

05k10k
0:005:0010:0015:00

metal

Own metal lost

05k10k
0:005:0010:0015:00

metal

106 games.

Show as table
ByMetal produced: This buildMetal produced: Standard suicide frontEnemy metal destroyed: This buildEnemy metal destroyed: Standard suicide frontOwn metal lost: This buildOwn metal lost: Standard suicide front
1:002302260000
2:008848890000
3:002002205613517299106
4:0031883161475660335486
5:004375423688714138501020
6:00549554301332232713091785
7:00661266612197317921762732
8:00782679102835403527573631
9:00915692983644481631844516
10:0010897106884408542640755336
11:0012430122414807589850866080
12:0014297140245797651758286842
13:0016519160426680701369187523
14:0018776179696968768076848336
15:0020948202977865830288359228
WHAT THE NUMBERS SAY

Won less often than the standard build and destroyed less enemy metal despite similar production, a defensive line that trades tempo for metal saved.

  • + Own metal lost by 15:00 lower (8980 vs 9208)
  • + Metal produced by 15:00 slightly ahead (20254 vs 19882)
  • − Team win rate well below standard (46% vs 58%)
  • − Enemy metal destroyed by 15:00 much lower (7767 vs 8172)
THE EXAMPLE YOU ARE READING

Pater05

42.3 OS · 15/09/2026

Open source match ↗

9 received units · includes a constructor
116 metal received · 11785 energy received

Allied construction assistance is unknown. Timings are observations, not a promise of solo reproducibility.

Typical milestones

Bot Lab0:20Middle 50%: 0:20–0:33 · n=106
Gauntlet5:29Middle 50%: 4:42–5:56 · n=96
Advanced Metal Extractor9:41Middle 50%: 8:46–10:57 · n=80

Played most by

_X_26games of this buildImmort7games of this buildManBearPig_7games of this buildTrapCaT7games of this buildSoliloqueur6games of this build